 Dungeon Crawl Stone Soup version 0.27-a0-836-gfc908b8576 (webtiles) character file.

Game seed: 9291200285092671159

4 Aviak the Insei (level 1, -1/17 HPs)
             Began as a Djinni Transmuter on Mar 31, 2021.
             Slain by a hobgoblin (3 damage)
             ... on level 1 of the Dungeon.
             The game lasted 00:00:45 (274 turns).

Aviak the Insei (Djinni Transmuter)                  Turns: 274, Time: 00:00:45

Health: -1/17      AC:  2    Str:  9    XL:     1   Next: 70%
Gold:   0          EV: 12    Int: 14    God:
                   SH:  0    Dex: 13

rFire    + + .     SeeInvis .     - Unarmed
rCold    x . .     Faith    .   (no shield)
rNeg     . . .     Spirit   .   a - +0 robe
rPois    ∞         Reflect  .   (no helmet)
rElec    .         Harm     .   (no cloak)
rCorr    .         Rampage  .   (no gloves)
Will     .....                  (boots unavailable)
Stlth    +.........             (no amulet)
HPRegen  0.05/turn              (no ring)
MPRegen  0.00/turn              (no ring)

@: flying
A: fire resistance 2, cold vulnerability 1, float, innate caster, hp casting,
extra vitality 1
a: no special abilities


You were on level 1 of the Dungeon.
You visited 1 branch of the dungeon, and saw 1 of its levels.

Inventory:

Armour
 a - a +0 robe (worn)


   Skills:
 + Level 1.1 Fighting
 + Level 2.3 Dodging
 + Level 3.0 Unarmed Combat
 + Level 1.8 Spellcasting


You couldn't memorise any spells.
You knew the following spells:

 Your Spells              Type           Power      Damage    Failure   Level
a - Beastly Appendage     Tmut           12%        N/A       11%         1
b - Wereblood             Tmut           6%         N/A       17%         2
c - Spider Form           Tmut/Pois      3%         N/A       32%         3
d - Ice Form              Ice/Tmut       6%         N/A       73%         4
e - Hydra Form            Tmut           3%         N/A       97%         5
Your spell library was empty.

Dungeon Overview and Level Annotations

Branches:
Dungeon (1/15)

Altars:


Innate Abilities, Weirdness & Mutations

You are immune to poison.
Your flesh is very heat resistant. (rF++)
You are vulnerable to cold. (rC-)
You float through the air rather than walking.
You learn spells naturally, not from books.
Your magical power is your life essence.
You have superior vitality. (+4 HP)


Message History

You closely miss the hobgoblin.
The hobgoblin is lightly wounded.
The ball python bites you. The ball python barely misses you.
The hobgoblin hits you.
* * * LOW HITPOINT WARNING * * *
Unknown command.
You are too injured to fight recklessly!
You are too injured to fight recklessly!
You are too injured to fight recklessly!
You are too injured to fight recklessly!
Found a scale mail.
The ball python bites you but does no damage.
The ball python barely misses you.
You closely miss the ball python. The ball python barely misses you.
The ball python misses you.
You hit the ball python.
You kill the ball python!
The endoplasm hits you.
* * * LOW HITPOINT WARNING * * *
Unknown command.
The hobgoblin misses you.
Found a stone staircase leading down.
The endoplasm jiggles.
A ball python comes into view.
The ball python hisses angrily.
An endoplasm comes into view.
A giant cockroach comes into view.
The endoplasm jiggles.
The ball python closely misses you. The ball python misses you.
You see here a rat skeleton.
You aren't carrying any items that you can evoke.
You aren't carrying any scrolls.
You aren't carrying any potions.
You barely miss the ball python. The ball python bites you.
* * * LOW HITPOINT WARNING * * *
The ball python grabs you. The ball python constricts you.
You hit the ball python.
You kill the ball python!
Unknown command.
You closely miss the hobgoblin. The hobgoblin hits you.
You die...

#...#B..#...##.##...#.# ..
#........##.##g..#.#
#.#.........##...#.#
.###...#...##......##.##
.>......#...#...#####...#
.........#B..#...+.....<..
..........#÷....####.......
..........#g....# ##......
..........@J....# ##.....
................# ##...#
....)......##...# ##.##
................# ######
...........#....####...
..........##...........
..#.###...##..)........
.....#...##...†......#.#
.....[.>..##.......###..#


You could see an endoplasm, a giant cockroach and a hobgoblin.

Vanquished Creatures
  2 ball pythons (D:1)
  A giant cockroach (D:1)
  A bat (D:1)
  A rat (D:1)
5 creatures vanquished.

Notes
Turn   | Place    | Note
-------+----------+-------------------------------------------
     0 | D:1      | Aviak the Djinni Transmuter began the quest for the Orb.
     0 | D:1      | Reached XP level 1. HP: 17/17 MP: 0/0
   274 | D:1      | Slain by a hobgoblin

Illustrated notes

Levels and vault maps discovered:
D:1:      mrwooster_arrival_arrow, layout_rooms

Action                   || total
-------------------------++-------
Melee: Unarmed           ||    32
       Headbutt          ||     2
 Cast: Beastly Appendage ||     4
Armor: Robe              ||    10
Dodge: Dodged            ||    30

Table legend: (Time is in decaauts)
 A = Elapsed time spent in this place.
 B = Non-inter-level travel time spent in this place.
 C = Inter-level travel time spent in this place.
 D = Time resting spent in this place.
 E = Time spent auto-exploring this place.
 F = Levels seen in this place.
 G = Mean time per level.
                   A        B        C        D        E       F      G
               +--------+--------+--------+--------+--------+-----+--------+
         Total |    272 |    272 |      0 |      0 |    165 |   1 |  272.0 |
       Dungeon |    272 |    272 |      0 |      0 |    165 |   1 |  272.0 |
               +--------+--------+--------+--------+--------+-----+--------+

Top non-repeatable levels by time:
     D:1: 272 daAuts
